 Dungeon Crawl Stone Soup version 0.27.1-33-g824d729ab1 (webtiles) character file.

Game seed: 16735505468375820780

2710 zeram the Impaler (level 9, -8/61 HPs)
             Began as a Merfolk Gladiator on Dec 15, 2021.
             Was an Initiate of Gozag.
             Mangled by a hell rat (11 damage)
             ... on level 8 of the Dungeon.
             The game lasted 00:14:59 (6512 turns).

zeram the Impaler (Merfolk Gladiator)               Turns: 6512, Time: 00:15:00

Health: -8/61      AC:  5    Str: 14    XL:     9   Next: 66%
Magic:  9/9        EV: 16    Int: 11    God:    Gozag
Gold:   508        SH:  0    Dex: 15    Spells: 8/8 levels left

rFire    . . .     SeeInvis +   m - +0 glaive (vamp)
rCold    . . .     Faith    .   (shield currently unavailable)
rNeg     . . .     Spirit   .   b - +0 leather armour
rPois    .         Reflect  .   o - +2 hat
rElec    .         Harm     .   (no cloak)
rCorr    .         Rampage  .   (no gloves)
Will     .....                  (no boots)
Stlth    +.........             i - amulet of regeneration
HPRegen  1.20/turn              l - ring of see invisible
MPRegen  0.11/turn              (no ring)

@: about to teleport
A: (nimble swimmer 2), mertail
a: Renounce Religion, Potion Petition, Call Merchant, Bribe Branch


You were on level 8 of the Dungeon.
You worshipped Gozag.
Gozag was pleased with you.
You visited 2 branches of the dungeon, and saw 9 of its levels.

You collected 729 gold pieces.
You spent 140 gold pieces at shops.
You paid 81 gold pieces to Gozag.

Inventory:

Hand Weapons
 a - a +1 trident of chaos
 g - a +1 dagger of venom
 m - a +0 vampiric glaive (weapon)
Missiles
 d - 3 throwing nets (quivered)
Armour
 b - a +0 leather armour (worn)
 c - a +1 helmet
 o - a +2 hat (worn)
Jewellery
 i - an amulet of regeneration (around neck)
 l - a ring of see invisible (left hand)
 s - an amulet of guardian spirit
Wands
 f - a wand of polymorph (9)
Scrolls
 k - a scroll of magic mapping
 r - a scroll of holy word
Potions
 e - 2 potions of lignification
 j - 2 potions of magic
 n - a potion of resistance {unknown}
 q - a potion of cancellation {unknown}
 u - a potion of mutation {unknown}
 v - a potion of flight {unknown}


   Skills:
 - Level 2.1 Fighting
 + Level 15.4 Polearms
 - Level 2.0 Throwing
 + Level 9.3 Dodging


You had 8 spell levels left.
You didn't know any spells.
Your spell library contained the following spells:

 Spells                   Type           Power      Damage    Failure   Level
 Blink                    Tloc           N/A        N/A       56%         2
 Corpse Rot               Necr/Air       N/A        N/A       56%         2
 Slow                     Hex            0%         N/A       56%         2
 Confusing Touch          Hex            0%         N/A       80%         3
 Lesser Beckoning         Tloc           0%         N/A       80%         3
 Vampiric Draining        Necr           0%         2d6       80%         3
 Dispel Undead            Necr           0%         3d6       99%         4
 Manifold Assault         Tloc           0%         N/A       100%        5
 Death Channel            Necr           0%         N/A       100%        6


Dungeon Overview and Level Annotations

Branches:
Dungeon (8/15)             Temple (1/1) D:5            Lair (0/6) D:8

Altars:
Ashenzari
Cheibriados
Dithmenos
Elyvilon
Fedhas
Gozag
Hepliaklqana
Kikubaaqudgha
Makhleb
Nemelex Xobeh
Okawaru
Qazlal
Ru
Sif Muna
Trog
Uskayaw
Vehumet
Wu Jian
Xom
Yredelemnul
Zin
The Shining One

Shops:
D:4 (   D:5 =[!


Innate Abilities, Weirdness & Mutations

((You are quick and stealthy near water. (Stealth+, EV+, Speed+++)))
Your lower body shifts to a powerful aquatic tail in water.


Message History

The death yak is heavily wounded.
The death yak gores you!!
* * * LOW HITPOINT WARNING * * *
You feel better. The death yak gores you!
* * * LOW HITPOINT WARNING * * *
Okay, then.
You hit the death yak.
You feel better.
The death yak is heavily wounded.
The death yak gores you.
* * * LOW HITPOINT WARNING * * *
Press: ? - help, v - describe, . - travel The floor, spattered with blood.
Okay, then.
You can't see any enemies this would affect, really read the scroll of holy word?
Okay, then.
Okay, then.
As you read the scroll of teleportation, it crumbles to dust.
You feel strangely unstable. The death yak gores you.
* * * LOW HITPOINT WARNING * * *
Found 12 gold pieces.
Your surroundings suddenly seem different.
A water moccasin, 2 river rats, a hell rat and a bullfrog come into view.
The bullfrog croaks.
The water moccasin hisses angrily.
You hear a deafening roar!
The bullfrog hits you.
* * * LOW HITPOINT WARNING * * *
The bullfrog misses you.
As you read the scroll of teleportation, it crumbles to dust.
You feel strangely unstable. The quokka bites you.
* * * LOW HITPOINT WARNING * * *
The hell rat misses you. The bullfrog barely misses you.
The kobold barely misses you. The quokka misses you.
The water moccasin closely misses you.
Unknown command.
A hell rat comes into view.
Found a staircase to the Lair.
The hell rat roars deafeningly!
The bullfrog completely misses you. The hell rat bites you!
You die...
Your body crumbles into a pile of gold.

.#. .. ...#...###. ..
.#####.#.).# .. . ..
#.#...(.....#.#. ..
.#..#.###.#.#....# .r.
....#.# #.#...(..# #..>
##..J..# #.#.####.#
.....#rKKK.# #.#.# .#
..r...S.FK#####.#.####.#
....r.r@r.KKK.Y.......!
.#......l.#####Y#.#####
.........## #Y#.#
####.###.# #.# # #. .#
#Y# # .# #.# .. #.# ..
#.# #.#


You could see a death yak, a water moccasin, a wyvern, a bullfrog, 3 hell rats,
a jelly, 2 river rats, a quokka and 7 kobolds.

Vanquished Creatures
  Edmund (D:6)
  4 water moccasins
  An orc warrior (D:5)
  A black bear (D:4)
  2 ice beasts
  2 ogres (D:5)
  A centaur (D:5)
  A necrophage (D:5)
  2 kobold brigands
  A scorpion (D:6)
  2 wyvern zombies
  3 water moccasin zombies
  7 wights
  2 electric eels (D:6)
  A centaur zombie (D:7)
  A bullfrog zombie (D:6)
  5 orc priests
  2 hounds (D:6)
  A jelly (D:6)
  2 bullfrog skeletons (D:5)
  2 iguanas (D:5)
  4 orc wizards
  A howler monkey zombie (D:8)
  3 adders
  A howler monkey skeleton (D:4)
  An adder skeleton (D:4)
  A dart slug (D:2)
  21 orcs
  5 endoplasms
  3 giant cockroaches
  5 goblins
  3 hobgoblins
  2 jackals (D:3)
  A quokka (D:2)
  8 ball pythons
  3 bats
  4 frilled lizards
  13 kobolds
  4 rats
127 creatures vanquished.

Vanquished Creatures (others)
  10 plants
10 creatures vanquished.

Grand Total: 137 creatures vanquished

Notes
Turn   | Place    | Note
-------+----------+-------------------------------------------
     0 | D:1      | zeram the Merfolk Gladiator began the quest for the Orb.
     0 | D:1      | Reached XP level 1. HP: 16/16 MP: 1/1
   246 | D:1      | Found a faded altar of an unknown god.
   252 | D:1      | Reached XP level 2. HP: 22/22 MP: 2/2
   357 | D:1      | Reached skill level 5 in Polearms
   752 | D:2      | Reached XP level 3. HP: 27/27 MP: 3/3
  1556 | D:3      | Reached skill level 6 in Polearms
  1900 | D:4      | Reached XP level 4. HP: 33/33 MP: 4/4
  2043 | D:4      | Reached skill level 5 in Dodging
  2054 | D:4      | Noticed a black bear
  2066 | D:4      | Killed a black bear
  2067 | D:4      | Reached skill level 7 in Polearms
  2067 | D:4      | Reached XP level 5. HP: 21/38 MP: 5/5
  2114 | D:4      | Reached skill level 8 in Polearms
  2138 | D:4      | Reached XP level 6. HP: 42/44 MP: 6/6
  2150 | D:4      | Reached skill level 9 in Polearms
  2269 | D:4      | Found Onot's Weapon Emporium.
  2659 | D:5      | Entered Level 5 of the Dungeon
  2878 | D:5      | Reached skill level 10 in Polearms
  2878 | D:5      | Reached XP level 7. HP: 27/50 MP: 7/7
  2921 | D:5      | Found a staircase to the Ecumenical Temple.
  2960 | Temple   | Entered the Ecumenical Temple
  3100 | Temple   | Became a worshipper of Gozag Ym Sagoz the Greedy
  3133 | D:5      | Found an iron altar of Okawaru.
  3163 | D:5      | Found Taopofil's Jewellery Shop.
  3230 | D:5      | Reached skill level 11 in Polearms
  3235 | D:5      | Found a shadowy altar of Dithmenos.
  3240 | D:5      | Found Umulunen's Distillery.
  3256 | D:5      | Bought a potion of heal wounds for 70 gold pieces
  3256 | D:5      | Bought a potion of heal wounds for 70 gold pieces
  3283 | D:5      | Found Osyah's Armour Shoppe.
  3331 | D:5      | Reached XP level 8. HP: 27/56 MP: 8/8
  3442 | D:5      | Found a blossoming altar of Fedhas.
  3466 | D:5      | Reached skill level 12 in Polearms
  3981 | D:6      | Reached skill level 13 in Polearms
  4454 | D:6      | Noticed Edmund
  4483 | D:6      | Killed Edmund
  4484 | D:6      | Reached XP level 9. HP: 36/61 MP: 9/9
  4508 | D:6      | Found a broken altar of Ashenzari.
  4508 | D:6      | Found a hide-covered altar of Uskayaw.
  4525 | D:6      | Found an ancient bone altar of Kikubaaqudgha.
  4569 | D:6      | Reached skill level 14 in Polearms
  4967 | D:6      | Identified a scroll of acquirement
  4967 | D:6      | Acquired a +0 vampiric glaive
  5733 | D:7      | Reached skill level 15 in Polearms
  6482 | D:8      | Noticed a death yak
  6487 | D:8      | Noticed a death yak
  6492 | D:8      | Noticed a death yak
  6506 | D:8      | HP: 1/61 [death yak (6)]
  6511 | D:8      | HP: 2/61 [quokka (1)]
  6512 | D:8      | Found a staircase to the Lair.
  6512 | D:8      | Mangled by a hell rat

Illustrated notes

Levels and vault maps discovered:
D:1:      amcnicky_arrival_choice, layout_loops_ring,
          hellmonk_ecumenical_altar_arch_garden, lexackson_kobold_supper
D:2:      layout_rooms
D:3:      layout_basic
D:4:      layout_basic, serial_shops, nicolae_shop_window_shopping,
          roderic_malta_cross
D:5:      layout_basic, old_standard_altar, nicolae_dithmenos_the_darkroom,
          fedhas_bush_and_centaur_altar, minmay_temple_entry_overgrown,
          serial_shops, shop, shop, nicolae_shop_behind_doors
D:6:      layout_layer_cave, grunt_temple_overflow_open, minmay_misc_feat_chi,
          grunt_ministairs_14, kennysheep_big_empty_room, serial_bayou_lagoon_b,
          uniq_edmund
D:7:      minmay_klotski, layout_layer_cave, minmay_misc_feat_plants
D:8:      layout_basic, dpeg_lair_monsters, kennysheep_small_spiral
Temple:   eino_temple_scatter_basement

Skill      XL: |  1  2  3  4  5  6  7  8  9 |
---------------+----------------------------+-----
Polearms       | 5 6 7 8 10 11 13 15 | 15.4
Dodging        | 5 6 8 9 |  9.3
Fighting       | |  2.1
Throwing       | |  2.0

Action                   |  1- 3 |  4- 6 |  7- 9 || total
-------------------------+-------+-------+-------++-------
Melee: Trident           |   114 |   142 |   239 ||   495
       Tailslap          |       |       |     1 ||     1
       Glaive            |       |       |   147 ||   147
Throw: Throwing net      |       |     1 |     1 ||     2
  Use: Scroll            |     7 |     1 |    11 ||    19
       Potion            |       |     1 |     9 ||    10
 Stab: Sleeping          |     2 |       |     1 ||     3
       Held in net/web   |       |     1 |       ||     1
       Distracted        |       |       |     3 ||     3
Armor: Leather armour    |    15 |    25 |    51 ||    91
Dodge: Dodged            |    54 |    77 |   187 ||   318
